AoeStats
← Fireworks

Arabia

507792193Analyzed
4v4 RM · 14d ago on Sep 19, 2026· 30m 44s· 8 players
Game mode
Random Map
Map size
Large (8 player)
Population
200
Speed
Normal
Resources
Standard
Victory
Conquest
Starting age
Dark Age
Ending age
Imperial Age
RankedLock teamsTeams togetherTeam positionsShared explorationLock speedFull tech treeHidden civsTurbo modeCheats
Victory
Defeat
🇨🇳 Maya · China
1530
+11
🇨🇳 Franks · China
1477
+13
🇨🇳 Ethiopians · China
1450
+14
🇨🇳 Turks · China
1347
+20
🇮🇹 Shu · Italy
1472
-17
🇩🇪 Hindustanis · Germany
1413
-14
🇪🇸 Magyars · Spain
1396
-14
🇺🇦 Slavs · Ukraine
1377
-13
Erg_Raider
6:27 Loom
9:26 Feudal Age
10:52 Double-Bit Axe
12:35 Horse Collar
13:21 Fletching
18:24 Padded Archer Armor
25:18 Castle Age
23:13 Gold Mining
26:08 Bodkin Arrow
25:34 Crossbowman
Skyle
7:24 Loom
10:34 Feudal Age
11:36 Double-Bit Axe
12:12 Horse Collar
12:57 Forging
16:49 Bloodlines
18:03 Scale Barding Armor
21:12 Wheelbarrow
23:54 Castle Age
23:37 Gold Mining
25:31 Iron Casting
25:09 Bow Saw
25:02 Heavy Plow
25:59 Hand Cart
27:06 Chain Barding Armor
28:05 Husbandry
29:17 Gold Shaft Mining
28:32 Stone Mining
KIRA
6:21 Loom
8:43 Feudal Age
18:30 Bloodlines
19:17 Scale Barding Armor
24:35 Castle Age
23:26 Double-Bit Axe
24:13 Horse Collar
25:50 Chain Barding Armor
24:54 Light Cavalry
26:44 Husbandry
29:19 Bow Saw
HSL | LuxRay
6:02 Loom
8:47 Feudal Age
13:51 Fletching
15:36 Padded Archer Armor
17:18 Double-Bit Axe
22:50 Castle Age
22:13 Horse Collar
22:31 Gold Mining
23:47 Bow Saw
22:59 Crossbowman
23:41 Bodkin Arrow
25:06 Ballistics
25:18 Town Watch
26:07 Leather Archer Armor
28:55 Heavy Plow
Fireworks
0:29 Loom
8:55 Feudal Age
12:38 Fletching
17:39 Padded Archer Armor
23:06 Castle Age
22:07 Double-Bit Axe
22:59 Gold Mining
23:09 Crossbowman
23:45 Bodkin Arrow
25:48 Ballistics
28:49 Thumb Ring
赶脚的柠檬头
6:47 Loom
7:15 Loom
9:19 Feudal Age
9:58 Double-Bit Axe
16:35 Scale Barding Armor
17:14 Forging
23:52 Castle Age
22:11 Gold Mining
24:59 Chain Barding Armor
24:41 Husbandry
27:13 Iron Casting
30:46 Gold Shaft Mining
31:53 Wheelbarrow
06老玩家回归
6:52 Loom
8:44 Feudal Age
9:23 Double-Bit Axe
9:47 Loom
14:45 Fletching
18:19 Padded Archer Armor
20:34 Horse Collar
26:15 Castle Age
26:33 Crossbowman
27:17 Bodkin Arrow
30:14 Guard Tower
93老玩家回归
6:12 Loom
9:14 Feudal Age
10:31 Double-Bit Axe
10:53 Horse Collar
22:06 Castle Age
20:44 Scale Barding Armor
20:52 Forging
21:35 Bloodlines
22:26 Wheelbarrow
23:30 Chain Barding Armor
23:48 Husbandry
31:03 Gold Mining
Connection lost

Rejoining the realm…

Still unreachable

The connection could not be restored.

Session expired

The server has moved on; the page needs a fresh start.